[Event "Titled Tuesday Blitz February 07 Early 2023"]
[White "Tan, Zhongyi"]
[Black "Ilkhomi, Jaloliddin"]
[WhiteFideId "8603642"]
[BlackFideId "14700948"]
[WhiteElo "2517"]
[BlackElo "1997"]
[Result "0-1"]
[Round "04"]
[TimeControl "180+2"]
[Date "2023.02.07"]
[WhiteClock "0:00:06"]
[BlackClock "0:00:10"]

1. d4 Nf6 2. c4 e6 3. g3 Bb4+ 4. Nd2 Ne4 5. Bg2 f5 6. Nh3 b6 7. O-O Bxd2 8. Bxd2 Bb7 9. d5 Nxd2 10. Qxd2 O-O 11. Rfd1 e5 12. Rac1 d6 13. Ng5 Qe7 14. Ne6 Rc8 15. Bh3 Qf6 16. e4 fxe4 17. Ng5 Rf8 18. Be6+ Kh8 19. Nxe4 Qe7 20. h4 Bc8 21. Ng5 Bxe6 22. dxe6 Nc6 23. Qd3 g6 24. Qe3 Nd4 25. Rxd4 exd4 26. Qxd4+ Qf6 27. Qe3 Rae8 28. Re1 Kg7 29. Qd2 h6 30. Nf7 Rxe6 31. Qxh6+ Kxf7 32. Qh7+ Ke8 33. Rxe6+ Qxe6 34. Qxc7 Qe1+ 35. Kg2 Qxf2+ 36. Kh3 Qf1+ 37. Kg4 Qf5# 0-1


[Site "https://www.chess.com"]

[Event "Titled Tuesday Blitz February 07 Early 2023"]
[White "Leenhouts, Koen"]
[Black "Csonka, Balazs"]
[WhiteFideId "1008439"]
[BlackFideId "742910"]
[WhiteElo "2447"]
[BlackElo "2496"]
[Result "1/2-1/2"]
[Round "04"]
[TimeControl "180+2"]
[Date "2023.02.07"]
[WhiteClock "0:00:06"]
[BlackClock "0:00:03"]

1. d4 d5 2. c4 e6 3. Nf3 Nf6 4. g3 Be7 5. Bg2 O-O 6. O-O c6 7. Qc2 b6 8. Nbd2 Bb7 9. Rd1 Na6 10. a3 Rc8 11. e4 c5 12. exd5 exd5 13. dxc5 Nxc5 14. b4 Nce4 15. Nxe4 Nxe4 16. Ne5 Qc7 17. Bf4 Bd6 18. Bxe4 Bxe5 19. Bxh7+ Kh8 20. Bxe5 Qxe5 21. Qf5 Qxf5 22. Bxf5 Rxc4 23. Bh3 d4 24. Bf1 Rc2 25. Rxd4 g6 26. Rd7 Bf3 27. Rxa7 Kg7 28. Rd7 Re8 29. Rd3 Bb7 30. Re3 Rd8 31. Re2 Rc3 32. a4 Rd4 33. a5 Ba6 34. Rb2 Bxf1 35. Kxf1 bxa5 36. bxa5 Rc7 37. a6 Rdd7 38. Rb6 Ra7 39. Kg2 Rdc7 40. Rab1 Rc5 41. Ra1 Rcc7 42. h4 Rd7 43. Rc6 Re7 44. Rb1 Red7 45. Rbb6 Re7 46. g4 Red7 47. f3 Re7 48. Kg3 Red7 49. h5 gxh5 50. gxh5 Re7 51. Kg4 Red7 52. f4 Re7 53. Kg5 Red7 54. Kf5 Rd5+ 55. Kg4 Ra5 56. h6+ Kh7 57. Rb7 R5xa6 58. Rxf7+ Rxf7 59. Rxa6 Rf8 60. Kg5 Rg8+ 61. Kh5 Rf8 62. Ra7+ Kh8 63. Kg5 Rg8+ 64. Kf5 Rf8+ 65. Kg6 Rg8+ 66. Rg7 Rf8 67. Rh7+ Kg8 68. f5 Re8 69. Rg7+ Kh8 70. f6 Re1 71. Ra7 Rg1+ 72. Kf7 Kh7 73. Ke8+ Kxh6 74. f7 Re1+ 75. Kd7 Kg7 76. Kd6 Kf8 77. Ra8+ Kxf7 78. Ra7+ Kf6 79. Kc6 Rc1+ 1/2-1/2


[Site "https://www.chess.com"]

[Event "Titled Tuesday Blitz February 07 Early 2023"]
[White "Osmak, Yuliia"]
[Black "Leiva, Gianmarco"]
[WhiteFideId "14101602"]
[BlackFideId "3804399"]
[WhiteElo "2440"]
[BlackElo "2392"]
[Result "0-1"]
[Round "04"]
[TimeControl "180+2"]
[Date "2023.02.07"]
[WhiteClock "0:00:06"]
[BlackClock "0:00:06"]

1. Nf3 d5 2. g3 Nf6 3. Bg2 Bf5 4. O-O e6 5. c4 c6 6. Nh4 Be4 7. Nf3 dxc4 8. Nc3 Bxf3 9. Bxf3 Nbd7 10. b3 cxb3 11. Qxb3 Qb6 12. Qc2 Bd6 13. Rb1 Qc7 14. d4 O-O 15. e4 e5 16. Be3 exd4 17. Bxd4 Rfe8 18. Rfc1 a6 19. Bg2 Rac8 20. Qb2 b5 21. a4 b4 22. Nd5 Nxd5 23. exd5 c5 24. Bxg7 Be5 25. Bxe5 Qxe5 26. Qd2 Nb6 27. a5 Na4 28. Re1 Qd6 29. Qg5+ Qg6 30. Qf4 Nc3 31. Rxe8+ Rxe8 32. Rb2 Ne2+ 33. Rxe2 Rxe2 34. Bf3 Re1+ 35. Kg2 Re8 36. d6 Rd8 0-1


[Site "https://www.chess.com"]

[Event "Titled Tuesday Blitz February 07 Early 2023"]
[White "Costachi, Mihnea"]
[Black "Ljukin, Sergei"]
[WhiteFideId "1217518"]
[BlackFideId "14102200"]
[WhiteElo "2476"]
[BlackElo "2362"]
[Result "0-1"]
[Round "04"]
[TimeControl "180+2"]
[Date "2023.02.07"]
[WhiteClock "0:00:09"]
[BlackClock "0:00:10"]

1. e4 e6 2. Qe2 Be7 3. Nc3 d5 4. d3 Nf6 5. g3 c5 6. Bg2 O-O 7. f4 Nc6 8. Nf3 a6 9. O-O b5 10. e5 Nd7 11. f5 b4 12. Na4 exf5 13. e6 Nb6 14. Nxb6 Qxb6 15. exf7+ Rxf7 16. Ne5 Nxe5 17. Qxe5 Bb7 18. Bxd5 Bxd5 19. Qxd5 Rd8 20. Qf3 Bf6 21. Rb1 Re8 22. Kh1 Qe6 23. Bd2 Qe2 24. Rf2 Qxf3+ 25. Rxf3 Re2 26. Rd1 Bxb2 27. Re3 Re7 28. Rxe7 Rxe7 29. Re1 Rxe1+ 30. Bxe1 Kf7 31. Kg2 Ke6 32. Kf3 g5 33. Bd2 h6 34. h4 g4+ 35. Ke2 h5 36. Bh6 Be5 37. Kf2 Kd5 38. Bf8 Kd4 39. Be7 f4 40. gxf4 Bxf4 41. Ke2 a5 42. Bf6+ Be5 43. Be7 Kc3 44. Bxc5 Kxc2 45. d4 Bc7 46. d5 Kc3 47. d6 Bd8 48. Be3 Kb2 49. Bg5 Bb6 50. d7 Kxa2 51. Kd3 b3 52. Be3 Bc7 53. Bf4 Bd8 54. Bg5 b2 55. Bxd8 b1=Q+ 56. Kd4 Qb5 57. Bg5 Qxd7+ 58. Ke4 Qc6+ 59. Kf4 Qf3+ 60. Ke5 g3 61. Bf4 g2 0-1


[Site "https://www.chess.com"]

[Event "Titled Tuesday Blitz February 07 Early 2023"]
[White "Basso, Pier Luigi"]
[Black "Lianes Garcia, Marcos"]
[WhiteFideId "866970"]
[BlackFideId "32060777"]
[WhiteElo "2506"]
[BlackElo "2411"]
[Result "0-1"]
[Round "04"]
[TimeControl "180+2"]
[Date "2023.02.07"]
[WhiteClock "0:00:12"]
[BlackClock "0:00:19"]

1. d4 g6 2. e4 Bg7 3. Nf3 c5 4. dxc5 Qa5+ 5. c3 Qxc5 6. Na3 d6 7. Be3 Qa5 8. Nc4 Qc7 9. Bd4 Nf6 10. e5 dxe5 11. Bxe5 Qd7 12. Qxd7+ Bxd7 13. O-O-O Nc6 14. Bg3 O-O 15. Bd3 Rfd8 16. Rhe1 Bg4 17. Nce5 Nxe5 18. Bxe5 Bxf3 19. gxf3 e6 20. f4 Rac8 21. Kc2 Nd5 22. Be4 Nb4+ 23. Kb3 Nc6 24. Bxc6 bxc6 25. Kc4 Rd5 26. b4 Kf8 27. Rd4 Rcd8 28. a4 R8d7 29. Red1 h5 30. h3 Bh6 31. b5 cxb5+ 32. axb5 Rxd4+ 33. Rxd4 Rb7 34. Bf6 Rb8 35. Kb4 a6 36. c4 axb5 37. cxb5 Ke8 38. Ka5 Bf8 39. Rc4 Bd6 40. Be5 Ra8+ 41. Kb6 Rb8+ 42. Kc6 Bxe5 43. Re4 Bf6 44. b6 Rc8+ 45. Kb5 Be7 46. b7 Rd8 47. Rd4 Rxd4 48. b8=Q+ Bd8 49. Qb7 Rd5+ 50. Kc4 Rd7 51. Qb1 Bc7 52. Kc5 Bxf4 53. Kc6 Rc7+ 54. Kb6 Rd7 55. Qe4 Bd6 56. Qa8+ Ke7 57. Qe4 Rc7 58. Qe3 Bc5+ 59. Qxc5+ Rxc5 60. Kxc5 Kf6 61. Kd4 Kf5 62. Ke3 e5 63. Kf3 f6 64. Ke3 g5 65. Kf3 g4+ 0-1


[Site "https://www.chess.com"]

[Event "Titled Tuesday Blitz February 07 Early 2023"]
[White "Pein, Jonathan"]
[Black "Sokolovsky, Yahli"]
[WhiteFideId "417092"]
[BlackFideId "2820242"]
[WhiteElo "2265"]
[BlackElo "2461"]
[Result "1-0"]
[Round "04"]
[TimeControl "180+2"]
[Date "2023.02.07"]
[WhiteClock "0:00:44"]
[BlackClock "0:00:11"]

1. b3 Nf6 2. Bb2 g6 3. Bxf6 exf6 4. c4 Bg7 5. Nc3 O-O 6. g3 f5 7. e3 d6 8. Bg2 Nd7 9. h4 Nf6 10. Nh3 Ne4 11. Rc1 Nxc3 12. dxc3 c6 13. O-O Be6 14. Nf4 Be5 15. Nd3 Bg7 16. Nf4 Qe7 17. Qe2 Rad8 18. Rfd1 Be5 19. Nd3 Bg7 20. Nf4 Bc8 21. b4 Be5 22. Nd3 Bg7 23. c5 d5 24. a4 b6 25. Qa2 Ba6 26. b5 cxb5 27. Nf4 bxc5 28. axb5 Bxb5 29. Bxd5 Qc7 30. h5 g5 31. Ng2 Bc6 32. c4 Bxd5 33. cxd5 a5 34. Qa3 Rc8 35. d6 Qa7 36. Rd5 c4 37. Rxa5 Qd7 38. Ra7 Qb5 39. Ra5 Qb2 40. d7 Rc7 41. Qxf8+ Bxf8 42. d8=Q Qxc1+ 43. Kh2 Re7 44. Ra8 1-0


[Site "https://www.chess.com"]

[Event "Titled Tuesday Blitz February 07 Early 2023"]
[White "Oro, Faustino"]
[Black "Mortazavi, Ali"]
[WhiteFideId "20000197"]
[BlackFideId "401323"]
[WhiteElo "2269"]
[BlackElo "2333"]
[Result "1-0"]
[Round "04"]
[TimeControl "180+2"]
[Date "2023.02.07"]
[WhiteClock "0:00:29"]
[BlackClock "0:00:11"]

1. e4 c6 2. d4 d5 3. e5 Bf5 4. h4 c5 5. dxc5 Nc6 6. Nf3 e6 7. Be3 Bg4 8. c3 Nge7 9. Nbd2 Nf5 10. Bd4 Be7 11. Be2 O-O 12. g3 f6 13. O-O fxe5 14. Nxe5 Nxe5 15. Bxg4 Nxg4 16. Qxg4 Bf6 17. Nf3 Qd7 18. Rae1 Rae8 19. Bxf6 Rxf6 20. Ne5 Qc7 21. b4 Ref8 22. Qg5 h6 23. Qg4 Qc8 24. h5 Qe8 25. Ng6 R8f7 26. Re5 Qb5 27. Rfe1 Qa6 28. Nf4 Qxa2 29. Rxe6 Rxe6 30. Rxe6 Ne7 31. Qh4 Qa1+ 32. Kg2 Nf5 33. Re8+ Kh7 34. Qg4 Qb1 35. Qg6# 1-0


[Site "https://www.chess.com"]

[Event "Titled Tuesday Blitz February 07 Early 2023"]
[White "Shohat, Yotam"]
[Black "Md, Imran"]
[WhiteFideId "2813955"]
[BlackFideId "25748580"]
[WhiteElo "2346"]
[BlackElo "2284"]
[Result "0-1"]
[Round "04"]
[TimeControl "180+2"]
[Date "2023.02.07"]
[WhiteClock "0:00:01"]
[BlackClock "0:00:22"]

1. e4 c5 2. Nf3 d6 3. Bb5+ Bd7 4. c4 Nf6 5. Nc3 e6 6. O-O a6 7. Bxd7+ Nbxd7 8. d4 cxd4 9. Qxd4 Qb6 10. Qxb6 Nxb6 11. b3 Rc8 12. Bb2 Nfd7 13. Rfd1 Rg8 14. a4 Nc5 15. a5 Nxb3 16. axb6 Nxa1 17. Rxa1 Rxc4 18. Ra4 Rxa4 19. Nxa4 g5 20. Nd2 Kd7 21. Nb3 Be7 22. Na5 Rb8 23. Kf1 h5 24. Ke2 g4 25. Kd3 Bd8 26. Bd4 h4 27. Ke3 Bg5+ 28. Kd3 Be7 29. Ke3 f5 30. exf5 exf5 31. Kd3 Ke6 32. Nc3 Bd8 33. Ne2 Bg5 34. Nc3 h3 35. gxh3 gxh3 36. Ne2 Kd5 37. Nc3+ Ke6 38. Ne2 Kd7 39. Ng1 Bf4 40. Nxh3 Bxh2 41. Ng5 Bf4 42. Nf3 Ke6 43. Ne1 Be5 44. Nc2 Kd5 45. Ne3+ Ke6 46. Nec4 Bf4 47. Be3 Bxe3 48. Nxe3 f4 49. Nec4 Kd5 50. Kc3 Kc5 51. Nb2 Kxb6 52. Nac4+ Kc5 53. Nd3+ Kc6 54. Nxf4 b5 55. Na5+ Kd7 56. Nb3 Rc8+ 57. Kd3 Rc4 58. Nd5 Rh4 59. f4 Rh3+ 60. Ne3 Ke6 61. Ke4 d5+ 62. Kd4 Rf3 63. Nc5+ Kd6 64. Nxa6 Rxf4+ 65. Kd3 b4 66. Nc2 b3 67. Na3 Ra4 0-1


[Site "https://www.chess.com"]

[Event "Titled Tuesday Blitz February 07 Early 2023"]
[White "Kuzmin, Roman"]
[Black "Ajay, Karthikeyan"]
[WhiteFideId "44134932"]
[BlackFideId "35011685"]
[WhiteElo "2198"]
[BlackElo "2454"]
[Result "0-1"]
[Round "04"]
[TimeControl "180+2"]
[Date "2023.02.07"]
[WhiteClock "0:00:03"]
[BlackClock "0:00:05"]

1. e4 e5 2. Nf3 Nc6 3. Bb5 a6 4. Ba4 Nf6 5. O-O Bc5 6. c3 b5 7. Bb3 d6 8. d4 Bb6 9. h3 h6 10. Re1 O-O 11. Bc2 Bb7 12. Be3 exd4 13. Nxd4 Nxd4 14. Bxd4 c5 15. Be3 Re8 16. f3 d5 17. exd5 Nxd5 18. Bf2 Qg5 19. h4 Rxe1+ 20. Qxe1 Qf6 21. Nd2 Nf4 22. Ne4 Qg6 23. Bg3 c4+ 24. Kh2 Nh5 25. Be5 Re8 26. Nd6 Qxc2 27. Nxe8 Bxf3 28. Qf1 Qe4 29. Qxf3 Qxe5+ 30. g3 Qxe8 31. Qxh5 Qe3 32. Qf5 g6 33. Qf1 Bc7 34. Qg2 Qe7 35. Kh1 Qd6 36. Rg1 h5 37. Qa8+ Kg7 38. Qe4 Qf6 39. Kg2 Bb6 40. Rf1 Qd6 41. Qf4 Qd5+ 42. Kh2 Bc5 43. Kh3 Qe6+ 44. Kg2 Qe2+ 45. Kh1 Qe6 46. b4 Qh3# 0-1


[Site "https://www.chess.com"]

[Event "Titled Tuesday Blitz February 07 Early 2023"]
[White "Marn, Jan"]
[Black "Dehtiarov, Roman"]
[WhiteFideId "14619245"]
[BlackFideId "14186640"]
[WhiteElo "2345"]
[BlackElo "2289"]
[Result "0-1"]
[Round "04"]
[TimeControl "180+2"]
[Date "2023.02.07"]
[WhiteClock "0:00:01"]
[BlackClock "0:00:08"]

1. d4 Nf6 2. Nf3 d5 3. e3 c6 4. Nbd2 Bf5 5. Nh4 Bg6 6. Nxg6 hxg6 7. Bd3 Nbd7 8. c4 e5 9. cxd5 Nxd5 10. Nf3 exd4 11. Nxd4 Bd6 12. h3 Ne5 13. Be2 Qb6 14. a3 Rd8 15. Qb3 Qc7 16. Bd2 O-O 17. Qc2 a6 18. h4 Nf6 19. h5 gxh5 20. Bxh5 c5 21. Nf3 g6 22. Nxe5 Bxe5 23. Be2 Kg7 24. Bc3 b5 25. Bxe5 Qxe5 26. a4 c4 27. axb5 axb5 28. O-O Rh8 29. g3 Ne4 30. Bf3 Ng5 31. Bg2 Nh3+ 32. Bxh3 Rxh3 33. Kg2 Rdh8 34. Rh1 Rxh1 35. Rxh1 Rxh1 36. Kxh1 Qd5+ 37. Kg1 f6 38. Qc3 Qd6 39. Qa5 Qd7 40. Qb6 g5 41. Kg2 g4 42. Qd4 Qxd4 43. exd4 f5 44. f3 Kf6 45. fxg4 fxg4 46. Kf2 Ke6 47. Ke3 Kd5 48. Kf4 b4 49. Ke3 b3 0-1


[Site "https://www.chess.com"]

[Event "Titled Tuesday Blitz February 07 Early 2023"]
[White "Gjestemoen-VonHirsch, Andre"]
[Black "Weetik, Vjacheslav"]
[WhiteFideId "1539531"]
[BlackFideId "4153472"]
[WhiteElo "2314"]
[BlackElo "2423"]
[Result "1-0"]
[Round "04"]
[TimeControl "180+2"]
[Date "2023.02.07"]
[WhiteClock "0:00:58"]
[BlackClock "0:00:05"]

1. d4 Nf6 2. Bf4 g6 3. Nc3 d5 4. e3 Bg7 5. h4 h6 6. Be2 a6 7. Nf3 c5 8. dxc5 Qa5 9. O-O Qxc5 10. Nd4 Nbd7 11. Nb3 Qc6 12. Bf3 e6 13. h5 Nxh5 14. Bxh5 gxh5 15. Nd4 Qc5 16. Qxh5 Qe7 17. Rfe1 Nf6 18. Qh3 Rg8 19. Be5 Bd7 20. Rad1 O-O-O 21. e4 dxe4 22. Na4 Nd5 23. Qc3+ Bc6 24. Nb6+ Nxb6 25. Nxc6 1-0


[Site "https://www.chess.com"]

[Event "Titled Tuesday Blitz February 07 Early 2023"]
[White "Degenbaev, Aziz"]
[Black "Seo, Jung Min"]
[WhiteFideId "13802640"]
[BlackFideId "1734687"]
[WhiteElo "2203"]
[BlackElo "2494"]
[Result "0-1"]
[Round "04"]
[TimeControl "180+2"]
[Date "2023.02.07"]
[WhiteClock "0:00:06"]
[BlackClock "0:00:30"]

1. e4 c5 2. Nf3 Nc6 3. Bb5 e6 4. O-O Nge7 5. d4 cxd4 6. Nxd4 Qb6 7. Nxc6 bxc6 8. Bd3 Ng6 9. c4 Be7 10. Nc3 O-O 11. Rb1 a5 12. Be3 Qc7 13. f4 d6 14. a3 Bd7 15. Qf3 Bf6 16. Ne2 Rfb8 17. Bd4 Bxd4+ 18. Nxd4 Qa7 19. Qf2 Nxf4 20. Qxf4 Qxd4+ 21. Kh1 Rf8 22. Rfd1 e5 23. Qf3 Rab8 24. b4 axb4 25. axb4 Qc3 26. Rdc1 Qd2 27. Rd1 Qh6 28. h3 Rfd8 29. b5 cxb5 30. cxb5 Rb6 31. Qf2 Rdb8 32. Bc4 Be6 33. Rdc1 Qf6 34. Qe3 h6 35. Qd3 Bxc4 36. Qxc4 Qe6 37. Qa4 d5 38. exd5 Qxd5 39. Rd1 Qb7 40. Qc4 Rxb5 41. Rxb5 Qxb5 42. Rd8+ Kh7 43. Qe4+ g6 44. Rd5 Qf1+ 45. Kh2 Qf4+ 46. Qxf4 exf4 47. h4 Rb2 48. Kh3 Rb3+ 49. Kh2 Kg7 50. h5 g5 51. Rf5 Rg3 52. Kg1 f3 53. Rxf3 Rxf3 54. gxf3 Kf6 55. Kf2 Ke5 56. Ke2 Kf4 57. Kf2 f6 0-1


[Site "https://www.chess.com"]

[Event "Titled Tuesday Blitz February 07 Early 2023"]
[White "Chernobay, Artem"]
[Black "Manukian, Artak"]
[WhiteFideId "4167406"]
[BlackFideId "13301373"]
[WhiteElo "2484"]
[BlackElo "2196"]
[Result "1/2-1/2"]
[Round "04"]
[TimeControl "180+2"]
[Date "2023.02.07"]
[WhiteClock "0:00:13"]
[BlackClock "0:01:03"]

1. e4 c6 2. d4 d5 3. e5 Bf5 4. Nc3 e6 5. g4 Bg6 6. Nge2 c5 7. h4 h5 8. Nf4 cxd4 9. Nb5 Nc6 10. Nxg6 fxg6 11. Bd3 Kd7 12. Qe2 hxg4 13. Bd2 Nh6 14. Bxg6 a6 15. Nd6 Bxd6 16. exd6 Kxd6 17. O-O-O e5 18. Kb1 Qf6 19. h5 Rhf8 20. Bxh6 gxh6 21. Qxg4 e4 22. Qh3 Qf3 23. Qh2+ Qf4 24. Qh3 Qf3 25. Qh2+ Qf4 26. Qh3 Qf3 1/2-1/2


[Site "https://www.chess.com"]

[Event "Titled Tuesday Blitz February 07 Early 2023"]
[White "Nigmatov, Ortik"]
[Black "Valle Maytin, Luis Enrique"]
[WhiteFideId "14202131"]
[BlackFideId "3503666"]
[WhiteElo "2438"]
[BlackElo "2241"]
[Result "1-0"]
[Round "04"]
[TimeControl "180+2"]
[Date "2023.02.07"]
[WhiteClock "0:00:45"]
[BlackClock "0:00:11"]

1. e4 c6 2. d4 d5 3. Nc3 dxe4 4. Nxe4 Nf6 5. Nxf6+ exf6 6. c3 Bd6 7. Bd3 O-O 8. Ne2 Re8 9. Qc2 h5 10. Be3 Nd7 11. O-O-O Nf8 12. h3 Be6 13. Kb1 b5 14. g4 h4 15. Rhg1 a5 16. g5 f5 17. Bxf5 Bxf5 18. Qxf5 b4 19. c4 a4 20. Rg4 Ng6 21. Qd3 Qe7 22. Nc1 a3 23. b3 c5 24. Qc2 cxd4 25. Rgxd4 Be5 26. Rd7 Qe6 27. R7d5 Bc3 28. Ne2 Qxh3 29. Nxc3 bxc3 30. Qxc3 Nf4 31. Rd7 Ne2 32. Qd3 Qf3 33. g6 f6 34. Rxg7+ Kh8 35. Rh7+ Kg8 36. Kc2 Nf4 37. Bxf4 Qxf2+ 38. Rd2 Qxf4 39. Qd5+ Kf8 40. Qf7# 1-0


[Site "https://www.chess.com"]

[Event "Titled Tuesday Blitz February 07 Early 2023"]
[White "Ilinca Ilinca, Felix Antonio"]
[Black "Fiorito, Joaquin"]
[WhiteFideId "54764998"]
[BlackFideId "180173"]
[WhiteElo "2266"]
[BlackElo "2405"]
[Result "0-1"]
[Round "04"]
[TimeControl "180+2"]
[Date "2023.02.07"]
[WhiteClock "0:00:11"]
[BlackClock "0:00:04"]

1. e4 c6 2. d4 d5 3. e5 Bf5 4. Nd2 e6 5. Nb3 a6 6. Nf3 Nd7 7. Be2 c5 8. dxc5 Bxc5 9. Nxc5 Nxc5 10. c3 Ne7 11. Be3 Nd7 12. O-O O-O 13. Re1 Nc6 14. Bf4 Qb6 15. Qd2 Rac8 16. Bf1 Be4 17. Ng5 Bg6 18. Nf3 Qc7 19. Rad1 Nc5 20. h4 Ne4 21. Qe3 b5 22. Bd3 Na5 23. Nd4 Nc4 24. Bxc4 bxc4 25. Qh3 h6 26. h5 Bh7 27. Qg4 Kh8 28. Re3 Rb8 29. Re2 Nc5 30. Rdd2 Nd3 31. Re3 Rxb2 32. Rexd3 Rb1+ 33. Rd1 Bxd3 34. Rxb1 Bxb1 35. Qd1 Bd3 36. Qd2 Kh7 37. Qe3 Rb8 38. Qf3 Qe7 39. Qg4 Re8 40. Kh2 f6 41. Bg3 Qf7 42. Nc6 Bf5 43. Qh4 Bd3 44. Nd4 a5 45. a4 f5 46. Bf4 Rb8 47. Nc6 Rc8 48. Nxa5 Qa7 49. Qg3 Qxa5 50. Qg6+ Kh8 51. Bxh6 Qc7 52. Qxe6 f4 53. Bxf4 Rf8 54. g3 Qf7 55. Qh3 Bf5 56. Qh4 Bh7 57. h6 gxh6 58. Qxh6 Rg8 59. e6 Qg6 60. Be5+ Rg7 61. Bxg7+ Qxg7 62. Qf4 Qe7 63. Qe5+ Kg8 64. Qxd5 Bd3 65. Qe5 Qh7+ 66. Kg2 Qe7 67. f3 Kf8 68. Kf2 Qa3 69. Qf6+ Kg8 70. Qf7+ Kh8 71. Qh5+ Kg8 72. Qg5+ Kh7 73. Qh4+ Kg6 74. Qg4+ Kf6 75. Qd4+ Kxe6 76. Ke3 Qc1+ 77. Kf2 Qf1+ 78. Ke3 Qc1+ 79. Kf2 Qd2+ 80. Kg1 Qe1+ 81. Kh2 Qe2+ 82. Kh3 Qxf3 83. Qb6+ Ke5 84. Qc5+ Kf6 85. Qd6+ Kg7 86. Qe7+ Kg6 87. Qe6+ Qf6 88. Qg8+ Kf5 89. Qd5+ Qe5 90. Qf7+ Ke4 91. Qb7+ Ke3 92. Qb6+ Kd2 93. a5 Bf5+ 94. Kh4 Qxc3 95. a6 Qa3 96. a7 Be4 97. Qd8+ Ke2 98. Qd4 Qe7+ 99. Kg4 Bd3 100. Kf4 Qf7+ 101. Ke5 Qb7 102. Qd5 Qxa7 103. Qe6 Qc5+ 104. Kf4+ Kd2 105. g4 Qd4+ 106. Kg5 c3 107. Kh6 Qe3+ 108. g5 Qxe6+ 0-1


[Site "https://www.chess.com"]

[Event "Titled Tuesday Blitz February 07 Early 2023"]
[White "Pacan-Milej, Kosma"]
[Black "Devaev, Alexander"]
[WhiteFideId "21800537"]
[BlackFideId "4169395"]
[WhiteElo "2402"]
[BlackElo "2325"]
[Result "0-1"]
[Round "04"]
[TimeControl "180+2"]
[Date "2023.02.07"]
[WhiteClock "0:00:08"]
[BlackClock "0:00:20"]

1. d4 Nf6 2. c4 e6 3. Nc3 Bb4 4. e3 c5 5. Ne2 cxd4 6. exd4 d5 7. a3 Bxc3+ 8. Nxc3 Nc6 9. c5 Ne4 10. Be2 Nxc3 11. bxc3 b6 12. cxb6 Qxb6 13. O-O Ba6 14. Bxa6 Qxa6 15. Qg4 Kf8 16. Bf4 Ne7 17. Rfe1 Rc8 18. Rab1 Ng6 19. Qg3 h6 20. Bd6+ Kg8 21. h4 Nxh4 22. Qxh4 Qxd6 23. Rb7 Rxc3 24. Reb1 Rc7 25. R7b3 Qe7 26. Qf4 Kh7 27. Rg3 Rhc8 28. Kh2 Qf6 29. Qxf6 gxf6 30. Rbb3 f5 31. Rb5 Rg8 32. Rgb3 Rg4 33. Rb7 Rxb7 34. Rxb7 Kg7 35. Rxa7 Rxd4 36. a4 Rd2 37. a5 Rxf2 38. a6 Ra2 39. Ra8 d4 40. Kg3 d3 41. Kf3 d2 42. Ke2 d1=Q+ 43. Kxd1 Rxg2 44. Kc1 Ra2 45. Kb1 Ra5 46. Kb2 f4 0-1


[Site "https://www.chess.com"]

[Event "Titled Tuesday Blitz February 07 Early 2023"]
[White "Skvortsov, Andrei"]
[Black "Abdilkhair, Abilmansur"]
[WhiteFideId "24108600"]
[BlackFideId "13716417"]
[WhiteElo "2313"]
[BlackElo "2268"]
[Result "1/2-1/2"]
[Round "04"]
[TimeControl "180+2"]
[Date "2023.02.07"]
[WhiteClock "0:00:52"]
[BlackClock "0:00:05"]

1. e4 e5 2. Nf3 Nc6 3. Bc4 Be7 4. O-O Nf6 5. d4 d6 6. dxe5 dxe5 7. Qe2 Bg4 8. c3 O-O 9. Rd1 Qc8 10. h3 Bh5 11. Bg5 h6 12. Bh4 Kh8 13. Nbd2 Nh7 14. Bxe7 Nxe7 15. g4 Bxg4 16. hxg4 Qxg4+ 17. Kh1 Qh5+ 18. Nh2 Qh4 19. Nf3 Qf6 20. Rg1 Ng6 21. Qe3 Nf4 22. Rg3 Qc6 23. Bd5 Nxd5 24. exd5 Qxd5 25. Qxe5 Qxe5 26. Nxe5 Rae8 27. Re3 Ng5 28. Rae1 Kh7 29. Nxf7 Rxe3 30. Nxg5+ hxg5 31. fxe3 Rf2 32. Rb1 Re2 33. Nf1 Kg6 34. a4 a5 35. b4 axb4 36. cxb4 b6 37. a5 Ra2 38. axb6 cxb6 39. Ng3 g4 40. Rd1 Kg5 41. Kg1 Kh4 42. Nf1 Rb2 43. Rd4 Kh3 44. Rd7 Rg2+ 45. Kh1 Rf2 46. Rd1 g3 47. Kg1 Rg2+ 48. Kh1 Rf2 49. Kg1 Rg2+ 50. Kh1 Rf2 1/2-1/2


[Site "https://www.chess.com"]

[Event "Titled Tuesday Blitz February 07 Early 2023"]
[White "Liyanage, Ranindu Dilshan"]
[Black "Forgacs, Attila Jr."]
[WhiteFideId "9915834"]
[BlackFideId "773654"]
[WhiteElo "2342"]
[BlackElo "2264"]
[Result "1-0"]
[Round "04"]
[TimeControl "180+2"]
[Date "2023.02.07"]
[WhiteClock "0:00:16"]
[BlackClock "0:00:03"]

1. e4 e5 2. Nf3 Nc6 3. Bc4 Nf6 4. d3 h6 5. Nc3 d6 6. a4 g5 7. a5 a6 8. O-O Bg7 9. Kh1 O-O 10. h4 g4 11. Nh2 Nd4 12. Be3 c6 13. Ba2 Nh7 14. g3 h5 15. Bxd4 exd4 16. Ne2 Be6 17. Bxe6 fxe6 18. Nf4 Qe8 19. f3 e5 20. Ng2 gxf3 21. Nxf3 Qe6 22. Kh2 d5 23. Qe2 dxe4 24. Qxe4 Nf6 25. Ng5 Qe7 26. Qg6 Qe8 27. Rxf6 Rxf6 28. Qh7+ Kf8 29. Ne4 Rh6 30. Rf1+ Qf7 31. Rxf7+ Kxf7 32. Qf5+ Kg8 33. Qd7 Rf8 34. Ne1 Rg6 35. Kg2 Bh6 36. Nf3 Be3 37. Nfg5 Rg7 38. Qe6+ Kh8 39. Qh6+ Kg8 40. Nf6+ Rxf6 41. Qxf6 Bxg5 42. hxg5 e4 43. dxe4 Kh7 44. e5 Kg8 45. e6 Rf7 46. Qxf7+ 1-0


[Site "https://www.chess.com"]

[Event "Titled Tuesday Blitz February 07 Early 2023"]
[White "Garayev, Kanan"]
[Black "Zacurdajev, Dmitry"]
[WhiteFideId "13406671"]
[BlackFideId "4196309"]
[WhiteElo "2346"]
[BlackElo "2273"]
[Result "0-1"]
[Round "04"]
[TimeControl "180+2"]
[Date "2023.02.07"]
[WhiteClock "0:00:10"]
[BlackClock "0:00:11"]

1. d4 d5 2. Nf3 e6 3. c4 Nf6 4. g3 Be7 5. Bg2 O-O 6. O-O dxc4 7. Qc2 a6 8. a4 Bd7 9. Qxc4 Bc6 10. Nc3 Nbd7 11. Bf4 Nb6 12. Qd3 Nbd5 13. Ne5 Nxf4 14. gxf4 Bxg2 15. Kxg2 c5 16. dxc5 Bxc5 17. Qxd8 Rfxd8 18. Rfd1 Bd4 19. Rd3 Bxc3 20. Rxc3 Nd5 21. Rc4 Rac8 22. e3 f6 23. Rxc8 Rxc8 24. Nd3 Rc2 25. Kf3 Rd2 26. Nc5 Rxb2 27. Nxe6 Kf7 28. f5 g6 29. e4 Rb3+ 30. Kg2 Nc3 31. Rc1 gxf5 32. exf5 b5 33. axb5 axb5 34. Ra1 Ke7 35. Nd4 Rb2 36. Ra6 Nd1 37. Re6+ Kf7 38. Rb6 Nxf2 39. Rb7+ Ke8 40. Kf3 b4 41. Rxh7 Nd3 42. h4 Ne5+ 43. Ke4 b3 44. Rb7 Rh2 45. Rxb3 Rxh4+ 46. Kd5 Nd7 47. Rb8+ Nxb8 48. Nf3 Rf4 49. Nd2 Rxf5+ 50. Ke6 Rf2 51. Nc4 Nd7 52. Nd6+ Kd8 53. Nf7+ Kc7 54. Nh6 Nc5+ 55. Kd5 Kb6 56. Ng4 Rf1 57. Ne3 Rf3 58. Nc4+ Kb5 59. Nd6+ Kb4 60. Nf7 f5 61. Ng5 Rf1 62. Kd4 f4 63. Nh3 Rd1+ 64. Ke5 f3 65. Kf4 f2 66. Nxf2 Nd3+ 0-1


[Site "https://www.chess.com"]

[Event "Titled Tuesday Blitz February 07 Early 2023"]
[White "Tristan, Leonardo"]
[Black "Dudzinski, Pawel"]
[WhiteFideId "113816"]
[BlackFideId "1117890"]
[WhiteElo "2545"]
[BlackElo "2186"]
[Result "1-0"]
[Round "04"]
[TimeControl "180+2"]
[Date "2023.02.07"]
[WhiteClock "0:01:14"]
[BlackClock "0:01:17"]

1. d4 d5 2. Nf3 c6 3. Bf4 e6 4. e3 f5 5. c4 Nf6 6. Nc3 Be7 7. Bd3 O-O 8. Qc2 Ne4 9. g4 Bd6 10. Ne5 Bxe5 11. Bxe5 Nd7 12. Bg3 Nxg3 13. hxg3 g6 14. gxf5 gxf5 15. g4 dxc4 16. Bxc4 Nb6 17. Bd3 Nd5 18. Nxd5 cxd5 19. O-O-O Bd7 20. Kb1 Rc8 21. Qe2 Qf6 22. Rdg1 Kh8 23. g5 Qg7 24. g6 h6 25. Qh5 Be8 26. Qxh6+ Qxh6 27. g7+ Kg8 28. Rxh6 Rf7 29. Rh8# 1-0


[Site "https://www.chess.com"]

[Event "Titled Tuesday Blitz February 07 Early 2023"]
[White "Vlassov, Nikolai"]
[Black "Avazkhonov, Alikhon"]
[WhiteFideId "4103360"]
[BlackFideId "14208504"]
[WhiteElo "2283"]
[BlackElo "1538"]
[Result "1-0"]
[Round "04"]
[TimeControl "180+2"]
[Date "2023.02.07"]
[WhiteClock "0:00:42"]
[BlackClock "0:00:06"]

1. e4 c5 2. c3 d5 3. exd5 Qxd5 4. d4 Nf6 5. Nf3 Bg4 6. dxc5 Qxc5 7. h3 Bd7 8. Be3 Qa5 9. Na3 e6 10. Nc4 Qc7 11. Nce5 Bd6 12. Bd4 O-O 13. Bd3 h6 14. Qe2 Nc6 15. Nxc6 Bxc6 16. Bxf6 gxf6 17. Nd4 f5 18. O-O-O Bf4+ 19. Kb1 Qe5 20. Nxc6 bxc6 21. Qf3 Rab8 22. Ka1 Bg5 23. Rhe1 Qc5 24. g4 Bf6 25. Bb1 Qb5 26. Re2 f4 27. Qe4 Rfd8 28. Red2 Rxd2 29. Rxd2 Bxc3 30. bxc3 Qc5 31. Qh7+ 1-0


[Site "https://www.chess.com"]